 Dungeon Crawl Stone Soup version 0.31-a0-237-g2d982f9f85 (webtiles) character file.

Game seed: 13092138392959925170

219460 qw the Slayer (level 18, -4/188 HPs)
             Began as a Minotaur Hexslinger on July 10, 2023.
             Was an Elder of Okawaru.
             Killed by divine providence
             ... invoked by a living spell
             ... summoned by a walking divine tome
              (14 damage)
             ... in a wizard's laboratory.
             The game lasted 00:17:17 (29601 turns).

qw the Slayer (Minotaur Hexslinger)                Turns: 29601, Time: 00:17:18

Health: -4/188     AC: 13    Str: 11    XL:     18   Next: 44%
Magic:  24/24      EV: 43    Int: 15    God:    Okawaru [****..]
Gold:   902        SH:  0    Dex: 27    Spells: 18/19 levels left

rFire   + + .        s - +3 triple crossbow (elec)
rCold   . . .        (shield currently unavailable)
rNeg    + + +        C - +0 troll leather armour
rPois   .            j - -1 hat "Cetan" {rN+++ Stlth-}
rElec   +            l - +0 cloak of Going Fast {rElec Will+ rCorr Str-2 Int+6}
rCorr   +            e - +1 pair of gloves
SInv    .            y - +1 pair of boots {Fly}
Will    +++..        b - amulet of faith
Stlth   ++           n - ring of Mutomymma {rF+ Will+ Dex+3}
HPRegen 1.31/turn    c - +5 ring of evasion
MPRegen 0.19/turn

%: faith
@: about to teleport, heroic, flying
A: horns 2, retaliatory headbutt, agile 1, fire resistance 1, screaming 1
}: 1/15 runes: serpentine
a: Renounce Religion, Heroism, Finesse


You were in a wizard's laboratory.
You worshipped Okawaru.
Okawaru was greatly pleased with you.
You visited 7 branches of the dungeon, and saw 32 of its levels.
You also visited: Sewer and Wizlab.

You collected 3358 gold pieces.
You spent 2456 gold pieces at shops.


Innate Abilities, Weirdness & Mutations

You have a pair of horns on your head.
You reflexively headbutt those who attack you in melee.
You are agile. (Dex +4, Str/Int -1)
Your flesh is heat resistant. (rF+)
You occasionally shout uncontrollably at your foes.


   Skills:
 - Level 23.0(27) Fighting
 + Level 16.1(21.1) Ranged Weapons
 - Level 12.0(17.0) Armour
 - Level 21.3(26.3) Dodging
 - Level 1.0 Spellcasting
 - Level 2.0 Hexes
 - Level 10.0 Invocations


You had 18 spell levels left.
You knew the following spells:

 Your Spells              Type           Power      Damage    Failure   Level
a - Slow                  Hex            24%        N/A       13%         1

Your spell library contained the following spells:

 Spells                   Type           Power      Damage    Failure   Level
 Inner Flame              Hex/Fire       3%         N/A       50%         3
 Portal Projectile        Hex/Tloc       6%         N/A       50%         3
 Cause Fear               Hex            3%         N/A       77%         4

Inventory:

Hand Weapons
 s - a +3 triple crossbow of electrocution (weapon)
Armour
 a - a +1 cloak of willpower
 e - a +1 pair of gloves (worn)
 f - a +1 cloak
 j - the -1 hat "Cetan" (worn) {rN+++ Stlth-}
   (Okawaru gifted it to you on level 3 of the Lair of Beasts)

   rN:        It renders you almost immune to negative energy.
   Stlth:     It makes you less stealthy.
 l - the +0 cloak of Going Fast (worn) {rElec Will+ rCorr Str-2 Int+6}
   (You bought it in a shop on level 2 of the Orcish Mines)

   Str:       It affects your strength (-2).
   Int:       It affects your intelligence (+6).
   rElec:     It insulates you from electricity.
   rCorr:     It protects you from acid and corrosion.
   Will:      It increases your willpower.
 t - a +0 leather armour of fire resistance
 w - the +2 pair of gloves "Laugaol" {Will++ Str+3 Dex-5}
   (Okawaru gifted it to you on level 3 of the Snake Pit)

   Str:       It affects your strength (+3).
   Dex:       It affects your dexterity (-5).
   Will:      It greatly increases your willpower.
 y - a +1 pair of boots of flying (worn)
 C - a +0 troll leather armour (worn)
Jewellery
 b - an amulet of faith (around neck)
 c - a +5 ring of evasion (right hand)
 h - a ring of poison resistance
 n - the ring of Mutomymma (left hand) {rF+ Will+ Dex+3}
   (You bought it in a shop on level 13 of the Dungeon)

   [ring of willpower]

   Dex:       It affects your dexterity (+3).
   rF:        It protects you from fire.
   Will:      It increases your willpower.
 r - the amulet "Zyminufixa" {*Corrode rF+++ rC+ Regen+ Int+3}
   (You acquired it on level 7 of the Dungeon)

   [amulet of regeneration]

   Int:       It affects your intelligence (+3).
   rF:        It renders you almost immune to fire.
   rC:        It protects you from cold.
   Regen:     It increases your rate of health regeneration.
   *Corrode:  It may corrode you when you take damage.
 D - a ring of protection from fire
 Y - a ring of see invisible
Wands
 x - a wand of digging (12)
Scrolls
 d - 10 scrolls of teleportation
 p - a scroll of identify
Potions
 g - 17 potions of curing
 i - 4 potions of magic
 k - 2 potions of heal wounds
 m - 2 potions of haste
 o - 4 potions of mutation
 q - 3 potions of might
 u - 3 potions of enlightenment
 A - 3 potions of cancellation
 B - 2 potions of resistance

Dungeon Overview and Level Annotations

Branches:
Dungeon (15/15)            Temple (1/1) D:5            Lair (5/5) D:8
 Shoals (3/4) Lair:2        Snake (4/4) Lair:2        Slime (0/5) Lair:5
    Orc (2/2) D:12            Elf (0/3) Orc:2        Vaults (2/5) D:13
 Depths (0/4) D:15          Sewer (visited)          WizLab (1/1)
  Crypt: Vaults:2-3

Altars:
Ashenzari
Cheibriados
Dithmenos
Elyvilon
Fedhas
Gozag
Hepliaklqana
Kikubaaqudgha
Makhleb
Nemelex Xobeh
Okawaru
Qazlal
Ru
Sif Muna
Trog
Uskayaw
Vehumet
Wu Jian
Xom
Yredelemnul
Zin
The Shining One

Shops:
D:13 =:(=*   Orc:2 ([[   Shoals:3 (

Annotations:
D:4 1 runed translucent door, qw's ghost, amateur MiHs
D:9 1 runed translucent door, qw's ghost, journeyman GrHs
Snake:4 1 runed translucent door, qw's ghost, adept GrHs


Message History

The rakshasa hits you from afar with a +0 trident!
The living spell casts itself at you. Something smites you!
The living spell casts itself at you. Something smites you!
You shoot a bolt. The bolt closely misses qw's illusion.
The bolt hits the rakshasa!!
Lightning courses through the rakshasa!
You kill the rakshasa!
Okawaru accepts your kill.
The +2 hand crossbow of freezing shimmers and vanishes!
The walking frostbound tome erupts in a flurry of living spells!
The walking divine tome erupts in a flurry of living spells!
Qw's illusion completely misses you. The living spell casts itself at you.
Something smites you!
The +2 hand crossbow of freezing shoots a bolt.
The bolt misses you. The rakshasa completely misses you.
The living spell casts itself at you. Something smites you!
The +0 trident of protection barely misses you.
The living spell casts itself at you. Something smites you!
29601 ||| READING 11 scrolls of teleportation.
As you read the scroll of teleportation, it crumbles to dust.
You feel strangely unstable.
The +0 trident of protection hits you but does no damage.
Qw's illusion points at you and mumbles some strange words.
You resist with almost no effort.
The rakshasa hits you but does no damage.
The +2 hand crossbow of freezing shoots a bolt.
The bolt completely misses you.
The walking divine tome erupts in a flurry of living spells!
The living spell casts itself at you. Something smites you!
The living spell casts itself at you. Something smites you!
The +0 trident of protection completely misses you.
The living spell casts itself at you. Something smites you!
You die...

# ##### ##
####### ###:[*
###...######*;.
###.....##R;.*.*
##...##.@@((;**8
###..##...###;*.
###....(#####;.
###..#..## R
###..)###
###).### ##...##
###).## ##')##


You could see 3 walking divine tomes, 2 walking frostbound tomes, a strange
machine, 2 rakshasas, 3 dancing weapons, qw's illusion and 7 living smiting
commandments.

Vanquished Creatures
  Rupert (D:15)
  A kraken (Shoals:3)
  2 quicksilver dragons (Snake:4)
  Agnes (D:15)
  Kirke (D:13)
  A fenstrider witch (Shoals:2)
  A vault warden (Vaults:1)
  Aizul (Snake:2)
  5 ironbound preservers
  2 orc warlords
  A formless jellyfish (Vaults:1)
  An ironbound thunderhulk (Vaults:1)
  Azrael (D:13)
  Snorg (D:13)
  An ettin (D:15)
  3 yaktaur captains
  A merfolk javelineer (Shoals:1)
  Harold (D:11)
  4 rakshasas (WizLab)
  A caustic shrike simulacrum (D:14)
  4 salamander tyrants
  2 vault guards (D:13)
  4 hydras
  An alligator snapping turtle (Shoals:1)
  A merfolk aquamancer (Shoals:1)
  13 anacondas
  4 dancing weapons (WizLab)
  2 merfolk avatars
  A satyr (Shoals:3)
  A catoblepas (Lair:1)
  2 ironbound frosthearts
  4 centaur warriors
  5 two-headed ogres
  A boulder beetle (D:11)
  11 naga warriors
  2 orc high priests (Orc:2)
  4 tengu warriors
  12 naga sharpshooters
  11 shock serpents
  3 death yaks
  3 skysharks
  A fire crab (Lair:3)
  2 goliath frogs (Lair:5)
  Lodul (D:13)
  A fire crab (shapeshifter) (D:14)
  5 skeletal warriors (D:14)
  5 salamander mystics
  3 ironbound convokers
  A glowing orange brain (Vaults:2)
  5 sea snakes
  A bog body (D:14)
  13 deep trolls
  A phantasmal warrior (Vaults:2)
  2 wizards
  4 naga ritualists
  4 necromancers
  5 lindwurms (Lair:5)
  5 orc knights
  Pikel (D:5)
  3 oklob plants (Lair:5)
  A deep elf pyromancer (D:14)
  17 harpies
  13 fauns
  18 salamanders
  4 orc sorcerers
  7 manticores
  13 elephants
  6 mana vipers
  13 ugly things
  4 cyclopes
  Joseph (D:7)
  8 merfolk sirens
  2 vault sentinels (Vaults:2)
  6 guardian serpents
  13 naga magi
  32 black mambas
  A water nymph (Shoals:3)
  3 ice statues
  3 torpor snails
  24 cane toads
  5 gargoyles
  3 unseen horrors
  9 rime drakes
  A kobold demonologist (D:10)
  3 yaktaurs
  13 komodo dragons
  An efreet (D:14)
  3 tengu conjurers
  9 merfolk
  5 trolls
  5 wind drakes
  2 tyrant leeches (Lair:5)
  A hornet (D:10)
  26 blink frogs
  6 polar bears
  A jumping spider (shapeshifter) (D:14)
  2 snapping turtles
  11 slime creatures
  3 shadows
  A dire elephant simulacrum (D:14)
  A wyvern (Lair:1)
  4 hogs (D:13)
  18 humans (D:13)
  4 fire elementals (D:13)
  3 water elementals
  57 yaks
  5 basilisks
  A steam dragon (D:10)
  2 minotaur simulacra (D:14)
  16 vampire mosquitoes
  3 wargs
  38 nagas
  An acid dragon (D:12)
  13 water moccasins
  3 hell hounds (D:13)
  38 orc warriors
  3 black bears
  3 ice beasts
  8 wolves
  12 ogres
  6 phantoms
  15 centaurs
  4 kobold brigands
  18 bullfrogs
  A scorpion (D:5)
  2 gnoll sergeants
  5 howler monkeys
  A jelly (D:6)
  2 vampire bats (Lair:5)
  2 electric eels
  6 hounds
  18 orc priests
  2 sleepcaps
  8 hell rats (Lair:3)
  2 iguanas
  26 orc wizards
  9 gnolls
  14 adders
  17 river rats
  A shadow imp (D:5)
  2 white imps (D:5)
  2 ufetubi
  3 worms
  4 dart slugs
  86 orcs
  8 bats
  4 endoplasms
  6 giant cockroaches
  5 goblins
  10 hobgoblins
  3 jackals (D:1)
  9 quokkas
  22 ball pythons
  4 frilled lizards
  21 kobolds
  33 rats
  A fire vortex (D:15)
  A spectral weapon (D:15)
  A tentacle (Shoals:3)
1101 creatures vanquished.

Vanquished Creatures (others)
  A nagaraja (Snake:4)
  A naga warrior (Snake:4)
  A faun (Shoals:3)
  2 gnolls (D:13)
  4 tentacles (Shoals:3)
9 creatures vanquished.

Grand Total: 1110 creatures vanquished

Notes
Turn   | Place    | Note
-------+----------+-------------------------------------------
     0 | D:1      | qw the Minotaur Hexslinger began the quest for the Orb.
     0 | D:1      | Reached XP level 1. HP: 16/16 MP: 1/1
     0 | D:1      | 0 ||| qw: Version: 0.3-a-52-g30416fa
     0 | D:1      | 0 ||| qw: Game counter: 4963
     0 | D:1      | 0 ||| qw: Melee chars always use a shield: true
     0 | D:1      | 0 ||| qw: God list: Okawaru
     0 | D:1      | 0 ||| qw: Allow faded altars: false
     0 | D:1      | 0 ||| qw: Do Orc after clearing Dungeon:15 true
     0 | D:1      | 0 ||| qw: Do second Lair branch before Depths: true
     0 | D:1      | 0 ||| qw: Lair rune preference: random
     0 | D:1      | 0 ||| qw: Goals: Normal
     0 | D:1      | 0 ||| PLANNING D:1-11
   118 | D:1      | 118 ||| FLEEEEING.
   119 | D:1      | 119 ||| FLEEEEING.
   120 | D:1      | 120 ||| FLEEEEING.
   156 | D:1      | Reached skill level 3 in Ranged Weapons
   156 | D:1      | Reached XP level 2. HP: 23/23 MP: 2/2
   230 | D:1      | Reached skill level 2 in Fighting
   567 | D:1      | Reached XP level 3. HP: 29/29 MP: 3/3
   691 | D:1      | 691 ||| UPGRADING to +0 leather armour.
   701 | D:1      | 701 ||| DROPPING +0 robe.
   702 | D:1      | 702 ||| UPGRADING to +0 ring mail.
   712 | D:1      | 712 ||| DROPPING +0 leather armour.
   713 | D:1      | 713 ||| DROPPING amulet of magic regeneration.
   714 | D:1      | 714 ||| UPGRADING to ring of resist corrosion.
   715 | D:1      | 715 ||| DROPPING ring of flight.
   716 | D:1      | 716 ||| READING scroll labelled HOAREO AZXOQIL.
   717 | D:1      | 717 ||| READING scroll labelled SOX JINGOOR.
   718 | D:1      | 718 ||| READING scroll labelled OBBELIT QOKE.
   719 | D:1      | 719 ||| READING scroll labelled RYFAIJ EWARI.
   719 | D:1      | Identified a scroll of acquirement
   719 | D:1      | 719 ||| ACQUIRING +8 orcbow of the Resonant God {drain,
                  | rPois Str+4 Int+8}
   719 | D:1      | Acquired the +8 orcbow of the Resonant God {drain, rPois
                  | Str+4 Int+8}
   721 | D:1      | 721 ||| SWAPPING to +8 orcbow of the Resonant God {drain,
                  | rPois Str+4 Int+8}.
   722 | D:1      | 722 ||| DROPPING +1 sling.
   723 | D:1      | 723 ||| DROPPING scroll of poison.
  1063 | D:2      | Reached skill level 1 in Armour
  1266 | D:2      | Reached XP level 4. HP: 36/36 MP: 4/4
  1632 | D:2      | 1632 ||| UPGRADING to +1 cloak.
  1637 | D:2      | 1637 ||| UPGRADING to amulet of faith.
  1642 | D:2      | 1642 ||| READING 3 scrolls labelled QEUGON RISTRAT.
  1647 | D:2      | 1647 ||| READING scroll labelled OMYNKI MALALU.
  1648 | D:2      | 1648 ||| READING scroll labelled WYAMIGHUTT.
  1672 | D:3      | Found a bloodstained altar of Trog.
  1688 | D:3      | 1688 ||| FLEEEEING.
  2194 | D:3      | 2194 ||| UPGRADING to +5 ring of evasion.
  2195 | D:3      | 2195 ||| DRINKING 3 golden potions.
  2220 | D:4      | 2220 ||| PLANNING SEWER
  2228 | D:4      | Noticed an ogre
  2231 | D:4      | Killed an ogre
  2232 | D:4      | Reached skill level 4 in Fighting
  2232 | D:4      | Reached XP level 5. HP: 47/47 MP: 5/5
  2255 | D:4      | Found a glowing drain.
  2275 | Sewer    | Entered a sewer
  2375 | Sewer    | Reached skill level 6 in Ranged Weapons
  2375 | Sewer    | Reached XP level 6. HP: 53/53 MP: 6/6
  2438 | Sewer    | 2438 ||| Stepping ~*~*~tactically~*~*~ (water).
  2552 | Sewer    | Reached XP level 7. HP: 50/60 MP: 7/7
  2641 | Sewer    | 2641 ||| DRINKING 2 smoky white potions.
  2642 | Sewer    | 2642 ||| DRINKING 2 smoky grey potions.
  2675 | D:4      | 2675 ||| PLANNING D:1-11
  2880 | D:4      | Found an ancient bone altar of Kikubaaqudgha.
  2894 | D:4      | Found an ornate altar of the Wu Jian Council.
  2898 | D:4      | Found a sparkling altar of Nemelex Xobeh.
  3122 | D:4      | Found a runed translucent door.
  3125 | D:4      | Noticed qw's ghost (amateur MiHs)
  3149 | D:4      | Found an opulent altar of Gozag.
  3199 | D:4      | 3199 ||| READING scroll labelled EFROOSTR XUORU.
  3239 | D:5      | Entered Level 5 of the Dungeon
  3252 | D:5      | Reached skill level 5 in Fighting
  3253 | D:5      | Found a staircase to the Ecumenical Temple.
  3254 | D:5      | 3254 ||| PLANNING TEMPLE
  3262 | D:5      | 3262 ||| FLEEEEING.
  3268 | D:5      | 3268 ||| STAIRDANCE
  3392 | Temple   | Entered the Ecumenical Temple
  3439 | Temple   | 3439 ||| PLANNING OKAWARU WORSHIP
  3582 | Temple   | Became a worshipper of Warmaster Okawaru
  3583 | Temple   | 3583 ||| PLANNING D:1-11
  3644 | D:5      | Reached XP level 8. HP: 57/69 MP: 8/8
  3709 | D:5      | Reached skill level 9 in Ranged Weapons
  3812 | D:5      | Reached skill level 3 in Dodging
  3847 | D:5      | Noticed Pikel
  3853 | D:5      | Killed Pikel
  3853 | D:5      | Reached * piety under Okawaru
  3854 | D:5      | Reached skill level 8 in Fighting
  4162 | D:5      | Reached skill level 1 in Invocations
  4356 | D:5      | 4356 ||| UPGRADING to +0 pair of boots.
  4361 | D:5      | 4361 ||| READING scroll labelled HAH DOASIZXY.
  4362 | D:5      | 4362 ||| READING 2 scrolls of identify.
  4362 | D:5      | 4362 ||| IDENTIFYING viscous cyan potion
  4363 | D:5      | 4363 ||| DROPPING potion of ambrosia.
  4383 | D:6      | 4383 ||| STAIRDANCE
  4489 | D:6      | 4489 ||| STAIRDANCE
  4491 | D:6      | 4491 ||| STAIRDANCE
  4493 | D:5      | 4493 ||| INVOKING Heroism.
  4605 | D:6      | 4605 ||| INVOKING Heroism.
  4610 | D:6      | Reached XP level 9. HP: 80/81 MP: 6/9
  4658 | D:6      | Reached skill level 3 in Invocations
  4680 | D:6      | Found a radiant altar of Vehumet.
  4828 | D:6      | 4828 ||| INVOKING Heroism.
  4917 | D:6      | 4917 ||| INVOKING Heroism.
  5115 | D:6      | 5115 ||| DRINKING 2 sedimented red potions.
  5115 | D:6      | Gained mutation: You are agile. (Dex +4, Str/Int -1)
                  | [potion of mutation]
  5115 | D:6      | Gained mutation: You occasionally shout uncontrollably at
                  | your foes. [potion of mutation]
  5115 | D:6      | Gained mutation: Your flesh is heat resistant. (rF+)
                  | [potion of mutation]
  5186 | D:7      | Reached ** piety under Okawaru
  5268 | D:7      | 5268 ||| Stepping ~*~*~tactically~*~*~ (outnumbered).
  5270 | D:7      | 5270 ||| Stepping ~*~*~tactically~*~*~ (outnumbered).
  5272 | D:7      | 5272 ||| Stepping ~*~*~tactically~*~*~ (outnumbered).
  5274 | D:7      | 5274 ||| Stepping ~*~*~tactically~*~*~ (outnumbered).
  5292 | D:7      | 5292 ||| READING scroll of acquirement.
  5292 | D:7      | 5292 ||| ACQUIRING amulet "Zyminufixa" {*Corrode rF+++ rC+
                  | Regen+ Int+3}
  5292 | D:7      | Acquired the amulet "Zyminufixa" {*Corrode rF+++ rC+ Regen+
                  | Int+3}
  5353 | D:7      | Noticed Joseph
  5359 | D:7      | Killed Joseph
  5883 | D:7      | 5883 ||| UPGRADING to +0 pair of gloves.
  5906 | D:7      | 5906 ||| READING scroll labelled UNYCWI KEOMP.
  5907 | D:7      | 5907 ||| READING scroll labelled AMOGOA RUESS.
  5914 | D:7      | 5914 ||| DRINKING 3 murky emerald potions.
  5915 | D:7      | 5915 ||| READING 5 scrolls of identify.
  5915 | D:7      | 5915 ||| IDENTIFYING metallic pink potion
  5919 | D:7      | 5919 ||| READING 4 scrolls of identify.
  5919 | D:7      | 5919 ||| IDENTIFYING cyan potion
  5920 | D:7      | 5920 ||| READING 3 scrolls of identify.
  5920 | D:7      | 5920 ||| IDENTIFYING metallic blue potion
  5921 | D:7      | 5921 ||| READING 2 scrolls of identify.
  5921 | D:7      | 5921 ||| IDENTIFYING dark potion
  5922 | D:7      | 5922 ||| DROPPING potion of brilliance.
  5928 | D:7      | 5928 ||| DROPPING potion of lignification.
  5960 | D:8      | Noticed a two-headed ogre
  5961 | D:8      | 5961 ||| INVOKING Heroism.
  5964 | D:8      | Killed a two-headed ogre
  6064 | D:8      | 6064 ||| INVOKING Heroism.
  6066 | D:8      | 6066 ||| Stepping ~*~*~tactically~*~*~ (outnumbered).
  6129 | D:8      | Found a staircase to the Lair.
  6451 | D:8      | 6451 ||| INVOKING Heroism.
  6454 | D:8      | Reached XP level 10. HP: 88/88 MP: 9/12
  6777 | D:8      | 6777 ||| PLANNING LAIR
  6777 | D:8      | 6777 ||| UPGRADING to +1 robe of willpower.
  6787 | D:8      | 6787 ||| UPGRADING to ring of willpower.
  6789 | D:8      | 6789 ||| READING scroll labelled PATWALLEZOE.
  6790 | D:8      | 6790 ||| READING 2 scrolls of identify.
  6790 | D:8      | 6790 ||| IDENTIFYING viscous black potion
  6791 | D:8      | 6791 ||| DROPPING potion of degeneration.
  6835 | Lair:1   | Entered Level 1 of the Lair of Beasts
  6841 | Lair:1   | Noticed a cane toad
  6842 | Lair:1   | 6842 ||| INVOKING Heroism.
  6844 | Lair:1   | Noticed a cane toad
  6845 | Lair:1   | Killed a cane toad
  6850 | Lair:1   | Killed a cane toad
  6851 | Lair:1   | Reached skill level 6 in Dodging
  6856 | Lair:1   | Reached *** piety under Okawaru
  6868 | Lair:1   | Reached skill level 12 in Ranged Weapons
  6869 | Lair:1   | Noticed a torpor snail
  6870 | Lair:1   | 6870 ||| FLEEEEING.
  6871 | Lair:1   | 6871 ||| FLEEEEING.
  6872 | Lair:1   | 6872 ||| FLEEEEING.
  6873 | Lair:1   | 6873 ||| FLEEEEING.
  6874 | Lair:1   | 6874 ||| INVOKING Heroism.
  6887 | Lair:1   | Killed a torpor snail
  6970 | Lair:1   | 6970 ||| INVOKING Heroism.
  6980 | Lair:1   | Reached **** piety under Okawaru
  7011 | Lair:1   | Reached skill level 9 in Fighting
  7018 | Lair:1   | Noticed a torpor snail
  7019 | Lair:1   | 7019 ||| INVOKING Heroism.
  7021 | Lair:1   | Reached XP level 11. HP: 78/97 MP: 10/14
  7028 | Lair:1   | Reached ***** piety under Okawaru
  7094 | Lair:1   | 7094 ||| INVOKING Heroism.
  7096 | Lair:1   | Reached skill level 6 in Invocations
  7110 | Lair:1   | You fall into a shaft and drop 1 floor!
  7132 | Lair:2   | 7132 ||| INVOKING Heroism.
  7167 | Lair:2   | 7167 ||| INVOKING Heroism.
  7213 | Lair:2   | 7213 ||| INVOKING Heroism.
  7324 | Lair:1   | 7324 ||| INVOKING Heroism.
  7419 | Lair:1   | 7419 ||| INVOKING Heroism.
  7429 | Lair:1   | Received a gift from Okawaru
  7511 | Lair:1   | Found a burning altar of Makhleb.
  7543 | Lair:1   | Noticed a catoblepas
  7544 | Lair:1   | 7544 ||| INVOKING Heroism.
  7545 | Lair:1   | 7545 ||| INVOKING Finesse.
  7551 | Lair:1   | 7551 ||| Stepping ~*~*~tactically~*~*~ (cloud).
  7552 | Lair:1   | Killed a catoblepas
  7633 | Lair:1   | 7633 ||| INVOKING Heroism.
  7756 | Lair:1   | 7756 ||| READING 2 scrolls of identify.
  7756 | Lair:1   | 7756 ||| IDENTIFYING ruby potion
  7757 | Lair:1   | 7757 ||| DROPPING potion of attraction.
  7767 | Lair:2   | 7767 ||| INVOKING Heroism.
  7826 | Lair:2   | 7826 ||| INVOKING Heroism.
  7833 | Lair:2   | Received a gift from Okawaru
  7933 | Lair:2   | 7933 ||| INVOKING Heroism.
  7940 | Lair:2   | Reached skill level 10 in Fighting
  7940 | Lair:2   | Reached skill level 9 in Invocations
  7949 | Lair:2   | Reached XP level 12. HP: 100/106 MP: 15/17
  8091 | Lair:2   | Found a staircase to the Snake Pit.
  8336 | Lair:2   | Noticed a four-headed hydra
  8337 | Lair:2   | 8337 ||| INVOKING Heroism.
  8341 | Lair:2   | Killed a four-headed hydra
  8554 | Lair:2   | Found a staircase to the Shoals.
  8555 | Lair:2   | 8555 ||| Stepping ~*~*~tactically~*~*~ (water).
  8742 | Lair:2   | 8742 ||| DROPPING scarf of harm.
  8743 | Lair:2   | 8743 ||| READING scroll labelled PEFAEW BEDI.
  8744 | Lair:2   | 8744 ||| READING 2 scrolls of identify.
  8744 | Lair:2   | 8744 ||| IDENTIFYING fizzy inky potion
  8745 | Lair:2   | 8745 ||| DROPPING potion of invisibility.
  8814 | Lair:3   | 8814 ||| INVOKING Heroism.
  8833 | Lair:3   | Identified the -1 hat "Cetan" {rN+++ Stlth-} (Okawaru
                  | gifted it to you on level 3 of the Lair of Beasts)
  8833 | Lair:3   | Received a gift from Okawaru
  8934 | Lair:3   | 8934 ||| INVOKING Heroism.
  8943 | Lair:3   | Reached skill level 15 in Ranged Weapons
  9040 | Lair:3   | 9040 ||| INVOKING Heroism.
  9467 | Lair:3   | Reached skill level 9 in Dodging
  9839 | Lair:3   | 9839 ||| INVOKING Heroism.
  9891 | Lair:3   | 9891 ||| UPGRADING to -1 hat "Cetan" {rN+++ Stlth-}.
  9896 | Lair:3   | 9896 ||| UPGRADING to ring of see invisible.
  9898 | Lair:3   | 9898 ||| READING scroll labelled UMETYOLEUL.
 10023 | Lair:4   | 10023 ||| STAIRDANCE
 10056 | Lair:4   | 10056 ||| INVOKING Heroism.
 10092 | Lair:4   | Reached skill level 11 in Fighting
 10338 | Lair:4   | 10338 ||| READING scroll of enchant armour.
 10338 | Lair:4   | 10338 ||| ENCHANTING +0 pair of gloves.
 10356 | Lair:4   | 10356 ||| INVOKING Heroism.
 10409 | Lair:4   | Reached XP level 13. HP: 116/116 MP: 19/19
 10972 | Lair:4   | 10972 ||| UPGRADING to +0 leather armour of cold
                  | resistance.
 10982 | Lair:4   | 10982 ||| READING 2 scrolls of identify.
 10982 | Lair:4   | 10982 ||| IDENTIFYING emerald potion
 10983 | Lair:4   | 10983 ||| DROPPING potion of berserk rage.
 11010 | Lair:5   | Entered Level 5 of the Lair of Beasts
 11046 | Lair:5   | 11046 ||| INVOKING Heroism.
 11062 | Lair:5   | Reached skill level 12 in Fighting
 11070 | Lair:5   | 11070 ||| INVOKING Heroism.
 11076 | Lair:5   | Identified the +1 robe of the Salmon {rN++} (Okawaru gifted
                  | it to you on level 5 of the Lair of Beasts)
 11076 | Lair:5   | Received a gift from Okawaru
 11085 | Lair:5   | 11085 ||| FLEEEEING.
 11086 | Lair:5   | 11086 ||| FLEEEEING.
 11087 | Lair:5   | 11087 ||| FLEEEEING.
 11088 | Lair:5   | 11088 ||| FLEEEEING.
 11089 | Lair:5   | 11089 ||| FLEEEEING.
 11090 | Lair:5   | 11090 ||| FLEEEEING.
 11091 | Lair:5   | 11091 ||| FLEEEEING.
 11092 | Lair:5   | 11092 ||| FLEEEEING.
 11093 | Lair:5   | 11093 ||| STAIRDANCE
 11269 | Lair:5   | 11269 ||| INVOKING Heroism.
 11289 | Lair:5   | Reached skill level 13 in Fighting
 11300 | Lair:5   | 11300 ||| INVOKING Heroism.
 11342 | Lair:5   | 11342 ||| INVOKING Heroism.
 11388 | Lair:5   | 11388 ||| INVOKING Heroism.
 11436 | Lair:5   | 11436 ||| INVOKING Heroism.
 11437 | Lair:5   | 11437 ||| INVOKING Finesse.
 11485 | Lair:5   | Found a staircase to the Slime Pits.
 11490 | Lair:5   | Reached skill level 6 in Armour
 11523 | Lair:5   | 11523 ||| INVOKING Heroism.
 11646 | Lair:5   | 11646 ||| INVOKING Heroism.
 11647 | Lair:5   | 11647 ||| INVOKING Finesse.
 11652 | Lair:5   | Reached skill level 14 in Fighting
 11841 | Lair:5   | 11841 ||| INVOKING Heroism.
 11892 | Lair:5   | 11892 ||| FLEEEEING.
 12003 | Lair:5   | 12003 ||| INVOKING Heroism.
 12009 | Lair:5   | Reached skill level 12 in Dodging
 12175 | Lair:5   | 12175 ||| INVOKING Heroism.
 12425 | Lair:5   | Reached XP level 14. HP: 133/133 MP: 20/20
 12525 | Lair:5   | 12525 ||| Stepping ~*~*~tactically~*~*~ (water).
 12678 | Lair:5   | Reached skill level 15 in Fighting
 12681 | Lair:5   | 12681 ||| FLEEEEING.
 12682 | Lair:5   | 12682 ||| FLEEEEING.
 12683 | Lair:5   | 12683 ||| FLEEEEING.
 12684 | Lair:5   | 12684 ||| FLEEEEING.
 12686 | Lair:5   | 12686 ||| FLEEEEING.
 12687 | Lair:5   | 12687 ||| FLEEEEING.
 12688 | Lair:5   | 12688 ||| FLEEEEING.
 12689 | Lair:5   | 12689 ||| FLEEEEING.
 12913 | Lair:5   | 12913 ||| PLANNING D:1-11
 12913 | Lair:5   | 12913 ||| READING scroll labelled BUITENIVOCS.
 13244 | D:9      | Identified the +5 shortbow of Zuzxor {drain, Will+ Str+2}
                  | (Okawaru gifted it to you on level 9 of the Dungeon)
 13244 | D:9      | Received a gift from Okawaru
 13293 | D:9      | Identified the +3 dagger of Acluesem {chaos, rPois rF-
                  | Str+7 Int-5}
 13293 | D:9      | Identified the +0 robe of the Untouchables {rElec rCorr
                  | Int+3}
 13333 | D:9      | 13333 ||| Stepping ~*~*~tactically~*~*~ (outnumbered).
 13505 | D:9      | Found a runed translucent door.
 13509 | D:9      | Noticed qw's ghost (journeyman GrHs)
 13718 | D:9      | 13718 ||| READING 3 scrolls of identify.
 13718 | D:9      | 13718 ||| IDENTIFYING metallic purple potion
 13753 | D:10     | Entered Level 10 of the Dungeon
 14166 | D:10     | Found a flagged portal.
 14550 | D:10     | Found a glowing golden altar of the Shining One.
 14587 | D:11     | 14587 ||| INVOKING Heroism.
 14588 | D:11     | 14588 ||| INVOKING Finesse.
 14901 | D:11     | Noticed Harold
 14913 | D:11     | Killed Harold
 15400 | D:11     | 15400 ||| PLANNING D
 15400 | D:11     | 15400 ||| READING 2 scrolls of identify.
 15400 | D:11     | 15400 ||| IDENTIFYING fuming pink potion
 15497 | D:12     | You fall into a shaft and drop 1 floor!
 15755 | D:12     | Reached skill level 16 in Fighting
 15778 | D:12     | 15778 ||| FLEEEEING.
 15779 | D:12     | 15779 ||| FLEEEEING.
 15780 | D:12     | 15780 ||| FLEEEEING.
 15781 | D:12     | 15781 ||| FLEEEEING.
 15782 | D:12     | 15782 ||| FLEEEEING.
 15783 | D:12     | 15783 ||| FLEEEEING.
 15784 | D:12     | 15784 ||| FLEEEEING.
 15785 | D:12     | 15785 ||| FLEEEEING.
 15786 | D:12     | 15786 ||| FLEEEEING.
 15791 | D:12     | 15791 ||| FLEEEEING.
 15792 | D:12     | 15792 ||| FLEEEEING.
 15793 | D:12     | 15793 ||| FLEEEEING.
 15799 | D:12     | 15799 ||| FLEEEEING.
 15800 | D:12     | 15800 ||| FLEEEEING.
 15801 | D:12     | 15801 ||| FLEEEEING.
 15802 | D:12     | 15802 ||| FLEEEEING.
 15803 | D:12     | 15803 ||| FLEEEEING.
 15804 | D:12     | 15804 ||| FLEEEEING.
 15805 | D:12     | 15805 ||| FLEEEEING.
 15806 | D:12     | 15806 ||| FLEEEEING.
 15807 | D:12     | 15807 ||| FLEEEEING.
 15808 | D:12     | 15808 ||| FLEEEEING.
 15809 | D:12     | 15809 ||| FLEEEEING.
 15810 | D:12     | 15810 ||| FLEEEEING.
 15811 | D:12     | 15811 ||| FLEEEEING.
 15812 | D:12     | 15812 ||| FLEEEEING.
 15816 | D:12     | 15816 ||| FLEEEEING.
 15817 | D:12     | 15817 ||| FLEEEEING.
 15818 | D:12     | 15818 ||| FLEEEEING.
 15819 | D:12     | 15819 ||| FLEEEEING.
 15820 | D:12     | 15820 ||| FLEEEEING.
 16174 | D:12     | 16174 ||| Stepping ~*~*~tactically~*~*~ (outnumbered).
 16178 | D:12     | 16178 ||| Stepping ~*~*~tactically~*~*~ (outnumbered).
 16179 | D:12     | 16179 ||| Stepping ~*~*~tactically~*~*~ (outnumbered).
 16212 | D:12     | Found a staircase to the Orcish Mines.
 16415 | D:12     | 16415 ||| DROPPING +1 robe of willpower.
 16416 | D:12     | 16416 ||| DROPPING +0 ring mail.
 16417 | D:12     | 16417 ||| DROPPING +1 robe of the Salmon {rN++}.
 16418 | D:12     | 16418 ||| UPGRADING to +0 troll leather armour.
 16428 | D:12     | 16428 ||| DROPPING +0 leather armour of cold resistance.
 16458 | D:13     | 16458 ||| INVOKING Heroism.
 16459 | D:13     | 16459 ||| Stepping ~*~*~tactically~*~*~ (outnumbered).
 16476 | D:13     | 16476 ||| READING 13 scrolls of teleportation.
 16555 | D:13     | Noticed Lodul
 16556 | D:13     | 16556 ||| INVOKING Heroism.
 16557 | D:13     | 16557 ||| INVOKING Finesse.
 16565 | D:13     | Killed Lodul
 16592 | D:13     | Received a gift from Okawaru
 16598 | D:13     | Noticed Snorg
 16607 | D:13     | Killed Snorg
 16617 | D:13     | Noticed Azrael
 16626 | D:13     | Reached skill level 9 in Armour
 16628 | D:13     | Killed Azrael
 16631 | D:13     | 16631 ||| Stepping ~*~*~tactically~*~*~ (outnumbered).
 16636 | D:13     | 16636 ||| Stepping ~*~*~tactically~*~*~ (outnumbered).
 16644 | D:13     | 16644 ||| Stepping ~*~*~tactically~*~*~ (outnumbered).
 16646 | D:13     | 16646 ||| Stepping ~*~*~tactically~*~*~ (outnumbered).
 16652 | D:13     | 16652 ||| Stepping ~*~*~tactically~*~*~ (outnumbered).
 16657 | D:13     | 16657 ||| Stepping ~*~*~tactically~*~*~ (outnumbered).
 16661 | D:13     | 16661 ||| Stepping ~*~*~tactically~*~*~ (outnumbered).
 16664 | D:13     | 16664 ||| Stepping ~*~*~tactically~*~*~ (outnumbered).
 16698 | D:13     | Noticed Kirke
 16699 | D:13     | 16699 ||| INVOKING Heroism.
 16700 | D:13     | 16700 ||| INVOKING Finesse.
 16709 | D:13     | 16709 ||| Stepping ~*~*~tactically~*~*~ (outnumbered).
 16729 | D:13     | Killed Kirke
 16739 | D:13     | Reached skill level 17 in Fighting
 16769 | D:13     | Found Cyir Wuo's Jewellery Shoppe.
 16782 | D:13     | 16782 ||| BUYING ring of poison resistance (260 gold).
 16782 | D:13     | Bought a ring of poison resistance for 260 gold pieces
 16884 | D:13     | Found Ykluf's General Store.
 16887 | D:13     | 16887 ||| BUYING ring of Mutomymma {rF+ Will+ Dex+3} (588
                  | gold).
 16887 | D:13     | Bought the ring of Mutomymma {rF+ Will+ Dex+3} for 588 gold
                  | pieces
 17051 | D:13     | Found a gate to the Vaults.
 17063 | D:13     | Reached ****** piety under Okawaru
 17064 | D:13     | Identified the +6 crystal plate armour of the Sun {rPois
                  | rC+ Dex+3 Slay+3} (Okawaru gifted it to you on level 13 of
                  | the Dungeon)
 17064 | D:13     | Received a gift from Okawaru
 17068 | D:13     | 17068 ||| INVOKING Heroism.
 17077 | D:13     | HP: 30/140 [vault guard/+2 battleaxe of draining (22)]
 17078 | D:13     | 17078 ||| READING 12 scrolls of teleportation.
 17079 | D:13     | 17079 ||| DRINKING 5 potions of heal wounds.
 17080 | D:13     | HP: 3/140 [vault guard/+2 battleaxe of draining (20)]
 17081 | D:13     | 17081 ||| DRINKING 4 potions of heal wounds.
 17176 | D:13     | Found Emut's Antique Weapon Boutique.
 17181 | D:13     | 17181 ||| BUYING glowing arbalest (262 gold).
 17181 | D:13     | Bought a glowing arbalest for 262 gold pieces
 17181 | D:13     | 17181 ||| BUYING runed arbalest (262 gold).
 17181 | D:13     | Bought a runed arbalest for 262 gold pieces
 17181 | D:13     | 17181 ||| BUYING runed orcbow (227 gold).
 17181 | D:13     | Bought a runed orcbow for 227 gold pieces
 17181 | D:13     | 17181 ||| SHOPLISTING smoking orcbow (297 gold, have 116).
 17181 | D:13     | 17181 ||| DROPPING +0 heavy arbalest.
 17182 | D:13     | 17182 ||| DROPPING +1 orcbow of freezing.
 17227 | D:13     | Found Jellyen's Jewellery Emporium.
 17236 | D:13     | 17236 ||| SHOPLISTING +5 ring of evasion (468 gold, have
                  | 116).
 17236 | D:13     | 17236 ||| SHOPLISTING ring of fire (325 gold, have 116).
 17236 | D:13     | 17236 ||| SHOPLISTING ring of protection from fire (325
                  | gold, have 116).
 17262 | D:13     | Found Tiog's Book Shop.
 17310 | D:13     | 17310 ||| Stepping ~*~*~tactically~*~*~ (outnumbered).
 17322 | D:13     | Reached XP level 15. HP: 147/147 MP: 21/21
 17431 | D:13     | 17431 ||| Stepping ~*~*~tactically~*~*~ (outnumbered).
 17433 | D:13     | 17433 ||| Stepping ~*~*~tactically~*~*~ (outnumbered).
 17441 | D:13     | 17441 ||| INVOKING Heroism.
 17513 | D:13     | 17513 ||| DROPPING +1 leather armour of cold resistance.
 17514 | D:13     | 17514 ||| UPGRADING to ring of Mutomymma {rF+ Will+ Dex+3}.
 17516 | D:13     | 17516 ||| DROPPING ring of resist corrosion.
 17517 | D:13     | 17517 ||| DROPPING ring of willpower.
 17643 | D:14     | 17643 ||| INVOKING Heroism.
 17821 | D:14     | Reached skill level 15 in Dodging
 17976 | D:14     | 17976 ||| INVOKING Heroism.
 18078 | D:14     | 18078 ||| INVOKING Heroism.
 18097 | D:14     | 18097 ||| FLEEEEING.
 18098 | D:14     | 18098 ||| FLEEEEING.
 18099 | D:14     | 18099 ||| FLEEEEING.
 18100 | D:14     | 18100 ||| FLEEEEING.
 18101 | D:14     | 18101 ||| FLEEEEING.
 18102 | D:14     | 18102 ||| FLEEEEING.
 18103 | D:14     | 18103 ||| FLEEEEING.
 18104 | D:14     | 18104 ||| FLEEEEING.
 18105 | D:14     | 18105 ||| FLEEEEING.
 18106 | D:14     | 18106 ||| FLEEEEING.
 18107 | D:14     | 18107 ||| FLEEEEING.
 18108 | D:14     | 18108 ||| FLEEEEING.
 18109 | D:14     | 18109 ||| FLEEEEING.
 18110 | D:14     | 18110 ||| FLEEEEING.
 18111 | D:14     | 18111 ||| FLEEEEING.
 18112 | D:14     | 18112 ||| FLEEEEING.
 18113 | D:14     | 18113 ||| FLEEEEING.
 18114 | D:14     | 18114 ||| FLEEEEING.
 18115 | D:14     | 18115 ||| FLEEEEING.
 18116 | D:14     | 18116 ||| FLEEEEING.
 18117 | D:14     | 18117 ||| FLEEEEING.
 18118 | D:14     | 18118 ||| FLEEEEING.
 18119 | D:14     | 18119 ||| FLEEEEING.
 18120 | D:14     | 18120 ||| FLEEEEING.
 18121 | D:14     | 18121 ||| FLEEEEING.
 18122 | D:14     | 18122 ||| FLEEEEING.
 18125 | D:14     | 18125 ||| FLEEEEING.
 18126 | D:14     | 18126 ||| FLEEEEING.
 18127 | D:14     | 18127 ||| FLEEEEING.
 18128 | D:14     | 18128 ||| FLEEEEING.
 18130 | D:14     | 18130 ||| FLEEEEING.
 18131 | D:14     | 18131 ||| FLEEEEING.
 18133 | D:14     | 18133 ||| FLEEEEING.
 18134 | D:14     | 18134 ||| FLEEEEING.
 18135 | D:14     | 18135 ||| FLEEEEING.
 18136 | D:14     | 18136 ||| FLEEEEING.
 18137 | D:14     | 18137 ||| FLEEEEING.
 18138 | D:14     | 18138 ||| FLEEEEING.
 18145 | D:14     | 18145 ||| FLEEEEING.
 18146 | D:14     | 18146 ||| FLEEEEING.
 18150 | D:14     | 18150 ||| FLEEEEING.
 18151 | D:14     | 18151 ||| FLEEEEING.
 18152 | D:14     | 18152 ||| FLEEEEING.
 18153 | D:14     | 18153 ||| FLEEEEING.
 18154 | D:14     | 18154 ||| FLEEEEING.
 18157 | D:14     | 18157 ||| STAIRDANCE
 18180 | D:14     | 18180 ||| STAIRDANCE
 18312 | D:14     | 18312 ||| INVOKING Heroism.
 18343 | D:14     | Received a gift from Okawaru
 18349 | D:14     | 18349 ||| INVOKING Finesse.
 18400 | D:14     | Identified the ring "Zobiroa" {rElec Will+}
 18584 | D:14     | 18584 ||| DROPPING ring "Zobiroa" {rElec Will+}.
 18627 | D:15     | Entered Level 15 of the Dungeon
 18631 | D:15     | 18631 ||| STAIRDANCE
 18648 | D:15     | 18648 ||| STAIRDANCE
 18723 | D:15     | Noticed Agnes
 18724 | D:15     | 18724 ||| INVOKING Heroism.
 18725 | D:15     | 18725 ||| INVOKING Finesse.
 18737 | D:15     | Killed Agnes
 18738 | D:15     | 18738 ||| FLEEEEING.
 18739 | D:15     | 18739 ||| FLEEEEING.
 18740 | D:15     | 18740 ||| FLEEEEING.
 18741 | D:15     | 18741 ||| FLEEEEING.
 18742 | D:15     | 18742 ||| FLEEEEING.
 18743 | D:15     | 18743 ||| FLEEEEING.
 18748 | D:15     | 18748 ||| FLEEEEING.
 18752 | D:15     | 18752 ||| FLEEEEING.
 18753 | D:15     | 18753 ||| FLEEEEING.
 18754 | D:15     | 18754 ||| FLEEEEING.
 18755 | D:15     | 18755 ||| FLEEEEING.
 18756 | D:15     | 18756 ||| FLEEEEING.
 18757 | D:15     | 18757 ||| FLEEEEING.
 18758 | D:15     | 18758 ||| FLEEEEING.
 18767 | D:15     | 18767 ||| INVOKING Heroism.
 18881 | D:15     | 18881 ||| INVOKING Heroism.
 18882 | D:15     | 18882 ||| INVOKING Finesse.
 18890 | D:15     | Reached skill level 18 in Fighting
 18959 | D:15     | Found a staircase to the Depths.
 19021 | D:15     | 19021 ||| Stepping ~*~*~tactically~*~*~ (outnumbered).
 19022 | D:15     | 19022 ||| Stepping ~*~*~tactically~*~*~ (outnumbered).
 19024 | D:15     | 19024 ||| Stepping ~*~*~tactically~*~*~ (outnumbered).
 19028 | D:15     | 19028 ||| Stepping ~*~*~tactically~*~*~ (outnumbered).
 19032 | D:15     | 19032 ||| Stepping ~*~*~tactically~*~*~ (outnumbered).
 19036 | D:15     | 19036 ||| Stepping ~*~*~tactically~*~*~ (outnumbered).
 19093 | D:15     | 19093 ||| INVOKING Heroism.
 19225 | D:15     | Noticed Rupert
 19226 | D:15     | 19226 ||| INVOKING Heroism.
 19227 | D:15     | 19227 ||| INVOKING Finesse.
 19240 | D:15     | Killed Rupert
 19550 | D:15     | Found a hide-covered altar of Uskayaw.
 19552 | D:15     | 19552 ||| PLANNING ORC
 19610 | Orc:1    | Entered Level 1 of the Orcish Mines
 19689 | Orc:1    | 19689 ||| INVOKING Heroism.
 20005 | Orc:2    | Entered Level 2 of the Orcish Mines
 20178 | Orc:2    | 20178 ||| Stepping ~*~*~tactically~*~*~ (outnumbered).
 20300 | Orc:2    | 20300 ||| INVOKING Heroism.
 20316 | Orc:2    | Found Wuowiebo's Armour Emporium.
 20324 | Orc:2    | 20324 ||| BUYING +0 cloak of Going Fast {rElec Will+ rCorr
                  | Str-2 Int+6} (533 gold).
 20324 | Orc:2    | Bought the +0 cloak of Going Fast {rElec Will+ rCorr Str-2
                  | Int+6} for 533 gold pieces
 20404 | Orc:2    | 20404 ||| INVOKING Heroism.
 20420 | Orc:2    | Found Xisos's Weapon Emporium.
 20505 | Orc:2    | 20505 ||| Stepping ~*~*~tactically~*~*~ (outnumbered).
 20572 | Orc:2    | Found a staircase to the Elven Halls.
 20734 | Orc:2    | 20734 ||| INVOKING Heroism.
 20742 | Orc:2    | 20742 ||| Stepping ~*~*~tactically~*~*~ (outnumbered).
 20767 | Orc:2    | 20767 ||| Stepping ~*~*~tactically~*~*~ (outnumbered).
 20802 | Orc:2    | 20802 ||| Stepping ~*~*~tactically~*~*~ (outnumbered).
 20806 | Orc:2    | 20806 ||| INVOKING Heroism.
 20847 | Orc:2    | Found Parothre's Antique Weapon Boutique.
 20849 | Orc:2    | Found Ycicitz's Antique Armour Shop.
 20856 | Orc:2    | 20856 ||| BUYING longbow (214 gold).
 20856 | Orc:2    | Bought a longbow for 214 gold pieces
 20856 | Orc:2    | 20856 ||| DROPPING +7 arbalest.
 20863 | Orc:2    | 20863 ||| BUYING dyed leather armour (110 gold).
 20863 | Orc:2    | Bought a dyed leather armour for 110 gold pieces
 20863 | Orc:2    | 20863 ||| SHOPLISTING shiny ring mail (154 gold, have 132).
 20888 | Orc:2    | 20888 ||| PLANNING SNAKE:1-3
 20888 | Orc:2    | 20888 ||| UPGRADING to +0 cloak of Going Fast {rElec Will+
                  | rCorr Str-2 Int+6}.
 21169 | Snake:1  | Entered Level 1 of the Snake Pit
 21180 | Snake:1  | Reached XP level 16. HP: 159/159 MP: 22/22
 21211 | Snake:1  | 21211 ||| INVOKING Heroism.
 21405 | Snake:1  | 21405 ||| Stepping ~*~*~tactically~*~*~ (outnumbered).
 21412 | Snake:1  | Received a gift from Okawaru
 21508 | Snake:1  | Reached skill level 19 in Fighting
 21569 | Snake:1  | 21569 ||| Stepping ~*~*~tactically~*~*~ (outnumbered).
 21571 | Snake:1  | 21571 ||| Stepping ~*~*~tactically~*~*~ (outnumbered).
 21573 | Snake:1  | 21573 ||| Stepping ~*~*~tactically~*~*~ (outnumbered).
 21694 | Snake:1  | Identified the +0 buckler of Okawaru's Reproof {Rampage
                  | *Slow rElec Will+} (Okawaru gifted it to you on level 1 of
                  | the Snake Pit)
 21694 | Snake:1  | Received a gift from Okawaru
 21709 | Snake:1  | 21709 ||| INVOKING Heroism.
 21777 | Snake:2  | 21777 ||| INVOKING Heroism.
 21781 | Snake:2  | 21781 ||| Stepping ~*~*~tactically~*~*~ (outnumbered).
 21803 | Snake:2  | 21803 ||| Stepping ~*~*~tactically~*~*~ (outnumbered).
 21805 | Snake:2  | 21805 ||| Stepping ~*~*~tactically~*~*~ (outnumbered).
 21823 | Snake:2  | 21823 ||| INVOKING Heroism.
 21903 | Snake:2  | 21903 ||| INVOKING Heroism.
 21905 | Snake:2  | 21905 ||| Stepping ~*~*~tactically~*~*~ (outnumbered).
 21927 | Snake:2  | Reached skill level 18 in Dodging
 21929 | Snake:2  | HP: 32/160 [naga warrior/+2 scimitar of holy wrath (16)]
 21930 | Snake:2  | 21930 ||| READING 12 scrolls of teleportation.
 21931 | Snake:2  | 21931 ||| DRINKING 6 potions of heal wounds.
 21932 | Snake:2  | 21932 ||| DRINKING 5 potions of heal wounds.
 21933 | Snake:2  | 21933 ||| READING 11 scrolls of teleportation.
 21934 | Snake:2  | 21934 ||| DRINKING 4 potions of heal wounds.
 21942 | Snake:2  | HP: 30/160 [black mamba (13)]
 21943 | Snake:2  | 21943 ||| READING 10 scrolls of teleportation.
 21944 | Snake:2  | 21944 ||| DRINKING 3 potions of heal wounds.
 21967 | Snake:2  | 21967 ||| INVOKING Heroism.
 21996 | Snake:2  | 21996 ||| INVOKING Heroism.
 22083 | Snake:2  | 22083 ||| INVOKING Heroism.
 22192 | Snake:2  | Reached skill level 20 in Fighting
 22201 | Snake:2  | You fall into a shaft and drop 1 floor!
 22365 | Snake:2  | Noticed Aizul
 22366 | Snake:2  | 22366 ||| INVOKING Heroism.
 22383 | Snake:2  | Killed Aizul
 22386 | Snake:2  | HP: 22/162 [naga sharpshooter/bolt (22)]
 22387 | Snake:2  | 22387 ||| READING 9 scrolls of teleportation.
 22388 | Snake:2  | 22388 ||| DRINKING 2 potions of heal wounds.
 22400 | Snake:2  | 22400 ||| FLEEEEING.
 22401 | Snake:2  | 22401 ||| FLEEEEING.
 22574 | Snake:2  | 22574 ||| INVOKING Heroism.
 22585 | Snake:2  | 22585 ||| Stepping ~*~*~tactically~*~*~ (outnumbered).
 22594 | Snake:2  | 22594 ||| Stepping ~*~*~tactically~*~*~ (outnumbered).
 22595 | Snake:2  | 22595 ||| Stepping ~*~*~tactically~*~*~ (outnumbered).
 23128 | Snake:3  | 23128 ||| INVOKING Heroism.
 23172 | Snake:3  | Identified the +2 pair of gloves "Laugaol" {Will++ Str+3
                  | Dex-5} (Okawaru gifted it to you on level 3 of the Snake
                  | Pit)
 23172 | Snake:3  | Received a gift from Okawaru
 23796 | Snake:3  | 23796 ||| Stepping ~*~*~tactically~*~*~ (outnumbered).
 23798 | Snake:3  | 23798 ||| Stepping ~*~*~tactically~*~*~ (outnumbered).
 23804 | Snake:3  | 23804 ||| Stepping ~*~*~tactically~*~*~ (outnumbered).
 23816 | Snake:3  | 23816 ||| Stepping ~*~*~tactically~*~*~ (outnumbered).
 23818 | Snake:3  | 23818 ||| Stepping ~*~*~tactically~*~*~ (outnumbered).
 23819 | Snake:3  | 23819 ||| Stepping ~*~*~tactically~*~*~ (outnumbered).
 23978 | Snake:3  | 23978 ||| PLANNING SHOALS:1-3
 24106 | Shoals:1 | Entered Level 1 of the Shoals
 24159 | Shoals:1 | Reached XP level 17. HP: 170/170 MP: 23/23
 24179 | Shoals:1 | 24179 ||| INVOKING Heroism.
 24180 | Shoals:1 | 24180 ||| Stepping ~*~*~tactically~*~*~ (outnumbered).
 24182 | Shoals:1 | 24182 ||| Stepping ~*~*~tactically~*~*~ (outnumbered).
 24184 | Shoals:1 | 24184 ||| INVOKING Finesse.
 24246 | Shoals:1 | 24246 ||| INVOKING Heroism.
 24251 | Shoals:1 | 24251 ||| INVOKING Finesse.
 24325 | Shoals:1 | 24325 ||| Stepping ~*~*~tactically~*~*~ (water).
 24405 | Shoals:1 | 24405 ||| INVOKING Heroism.
 24502 | Shoals:1 | 24502 ||| Stepping ~*~*~tactically~*~*~ (outnumbered).
 24508 | Shoals:1 | Reached skill level 21 in Fighting
 24524 | Shoals:1 | 24524 ||| Stepping ~*~*~tactically~*~*~ (water).
 24618 | Shoals:1 | Found a frozen archway.
 24619 | Shoals:1 | 24619 ||| INVOKING Heroism.
 24620 | Shoals:1 | 24620 ||| INVOKING Finesse.
 24921 | Shoals:2 | 24921 ||| STAIRDANCE
 24986 | Shoals:2 | 24986 ||| Stepping ~*~*~tactically~*~*~ (water).
 25370 | Shoals:2 | 25370 ||| INVOKING Heroism.
 25576 | Shoals:2 | 25576 ||| DROPPING ring of magical power.
 25626 | Shoals:3 | 25626 ||| STAIRDANCE
 25655 | Shoals:3 | 25655 ||| STAIRDANCE
 25716 | Shoals:3 | 25716 ||| Stepping ~*~*~tactically~*~*~ (outnumbered).
 25718 | Shoals:3 | 25718 ||| Stepping ~*~*~tactically~*~*~ (outnumbered).
 25720 | Shoals:3 | 25720 ||| Stepping ~*~*~tactically~*~*~ (outnumbered).
 25721 | Shoals:3 | 25721 ||| Stepping ~*~*~tactically~*~*~ (outnumbered).
 25722 | Shoals:3 | 25722 ||| Stepping ~*~*~tactically~*~*~ (outnumbered).
 25882 | Shoals:3 | 25882 ||| INVOKING Heroism.
 25885 | Shoals:3 | 25885 ||| Stepping ~*~*~tactically~*~*~ (water).
 25886 | Shoals:3 | 25886 ||| Stepping ~*~*~tactically~*~*~ (water).
 25907 | Shoals:3 | 25907 ||| Stepping ~*~*~tactically~*~*~ (water).
 25954 | Shoals:3 | 25954 ||| INVOKING Heroism.
 25955 | Shoals:3 | 25955 ||| INVOKING Finesse.
 26036 | Shoals:3 | Noticed a kraken
 26048 | Shoals:3 | 26048 ||| INVOKING Heroism.
 26049 | Shoals:3 | Killed a kraken
 26220 | Shoals:3 | Found Qereh's Weapon Boutique.
 26225 | Shoals:3 | Identified the +5 mace "Egoo" {heavy, rN+ Str+3 Int+2}
 26371 | Shoals:3 | 26371 ||| Stepping ~*~*~tactically~*~*~ (water).
 26395 | Shoals:3 | Identified the +6 shortbow of a ziggurat {heavy, Dex+7}
 26495 | Shoals:3 | 26495 ||| PLANNING SNAKE:4
 26666 | Snake:4  | Entered Level 4 of the Snake Pit
 26679 | Snake:4  | 26679 ||| STAIRDANCE
 26741 | Snake:4  | 26741 ||| INVOKING Heroism.
 26759 | Snake:4  | Reached skill level 22 in Fighting
 26847 | Snake:4  | 26847 ||| INVOKING Heroism.
 26864 | Snake:4  | Received a gift from Okawaru
 26868 | Snake:4  | 26868 ||| INVOKING Heroism.
 26902 | Snake:4  | Reached skill level 12 in Armour
 26927 | Snake:4  | 26927 ||| Stepping ~*~*~tactically~*~*~ (outnumbered).
 26929 | Snake:4  | 26929 ||| Stepping ~*~*~tactically~*~*~ (outnumbered).
 26931 | Snake:4  | 26931 ||| Stepping ~*~*~tactically~*~*~ (outnumbered).
 26932 | Snake:4  | 26932 ||| Stepping ~*~*~tactically~*~*~ (outnumbered).
 26935 | Snake:4  | 26935 ||| Stepping ~*~*~tactically~*~*~ (outnumbered).
 26946 | Snake:4  | 26946 ||| STAIRDANCE
 26981 | Snake:4  | 26981 ||| Stepping ~*~*~tactically~*~*~ (outnumbered).
 26986 | Snake:4  | 26986 ||| Stepping ~*~*~tactically~*~*~ (outnumbered).
 26988 | Snake:4  | 26988 ||| Stepping ~*~*~tactically~*~*~ (outnumbered).
 26991 | Snake:4  | 26991 ||| Stepping ~*~*~tactically~*~*~ (outnumbered).
 27037 | Snake:4  | Found a runed translucent door.
 27040 | Snake:4  | Noticed qw's ghost (adept GrHs)
 27074 | Snake:4  | 27074 ||| INVOKING Heroism.
 27348 | Snake:4  | 27348 ||| INVOKING Heroism.
 27353 | Snake:4  | Noticed a quicksilver dragon
 27354 | Snake:4  | Noticed a quicksilver dragon
 27358 | Snake:4  | Killed a quicksilver dragon
 27362 | Snake:4  | Killed a quicksilver dragon
 27362 | Snake:4  | Received a gift from Okawaru
 27377 | Snake:4  | Reached XP level 18. HP: 172/184 MP: 24/24
 27567 | Snake:4  | Got a serpentine rune of Zot
 27706 | Snake:4  | 27706 ||| PLANNING VAULTS:1-4
 27706 | Snake:4  | 27706 ||| UPGRADING to +1 pair of boots of flying.
 27716 | Snake:4  | 27716 ||| DROPPING +0 pair of boots.
 28036 | Vaults:1 | Entered Level 1 of the Vaults
 28163 | Vaults:1 | Identified the +1 hand axe of Destiny {freeze, Drain rF+
                  | Str-5 Int+5 Stlth+}
 28363 | Vaults:1 | Reached skill level 21 in Dodging
 28461 | Vaults:1 | 28461 ||| INVOKING Heroism.
 28608 | Vaults:1 | 28608 ||| INVOKING Heroism.
 28609 | Vaults:1 | 28609 ||| INVOKING Finesse.
 28651 | Vaults:1 | You are sucked into a shaft and drop 1 floor!
 28652 | Vaults:2 | 28652 ||| PLANNING WIZLAB
 28673 | Vaults:2 | 28673 ||| INVOKING Heroism.
 28794 | Vaults:2 | 28794 ||| INVOKING Heroism.
 28907 | Vaults:2 | 28907 ||| INVOKING Heroism.
 28908 | Vaults:2 | 28908 ||| INVOKING Finesse.
 28935 | Vaults:2 | 28935 ||| Stepping ~*~*~tactically~*~*~ (outnumbered).
 29143 | Vaults:2 | 29143 ||| INVOKING Heroism.
 29160 | Vaults:2 | 29160 ||| DROPPING +6 ring of strength.
 29169 | Vaults:2 | Reached skill level 23 in Fighting
 29260 | Vaults:2 | 29260 ||| INVOKING Heroism.
 29352 | Vaults:2 | Found a magical portal.
 29361 | WizLab   | Entered Tukima's Studio
 29456 | WizLab   | 29456 ||| INVOKING Heroism.
 29553 | WizLab   | 29553 ||| SWAPPING to +0 triple crossbow of electrocution.
 29554 | WizLab   | 29554 ||| DROPPING +8 orcbow of the Resonant God {drain,
                  | rPois Str+4 Int+8}.
 29555 | WizLab   | 29555 ||| DROPPING +0 longbow.
 29556 | WizLab   | 29556 ||| READING 3 scrolls of enchant weapon.
 29556 | WizLab   | 29556 ||| ENCHANTING +0 triple crossbow of electrocution.
 29557 | WizLab   | 29557 ||| READING 2 scrolls of enchant weapon.
 29557 | WizLab   | 29557 ||| ENCHANTING +1 triple crossbow of electrocution.
 29558 | WizLab   | 29558 ||| READING scroll of enchant weapon.
 29558 | WizLab   | 29558 ||| ENCHANTING +2 triple crossbow of electrocution.
 29584 | WizLab   | Noticed qw's illusion
 29585 | WizLab   | 29585 ||| INVOKING Heroism.
 29600 | WizLab   | HP: 36/188 [living spell/divine providence[a walking divine
                  | tome] (13)]
 29601 | WizLab   | 29601 ||| READING 11 scrolls of teleportation.
 29601 | WizLab   | HP: 10/188 [living spell/divine providence[a walking divine
                  | tome] (12)]
 29601 | WizLab   | Killed from afar by a living spell

Levels and vault maps discovered:
D:1:      elethiomel_arrival_infinity_welcomes_careful_drivers, layout_rooms,
          minmay_crystal_water, minmay_hexomino_f4
D:2:      layout_basic, minmay_3d_cube
D:3:      layout_basic, mainiacjoe_overflow_concentric_impassable
D:4:      layout_cave_pools, nicolae_gozag_seed_capital, minitemple,
          gup_sewer_entry_glass, ebering_ghost_inner_flame
D:5:      layout_basic, minmay_temple_entry_gardened_gates, uniq_pikel
D:6:      layout_basic, kennysheep_little_box
D:7:      layout_loops_ring, minmay_liquid_box, hangedman_decor_opposing,
          uniq_joseph
D:8:      layout_loops_ring, lair_entry_dummy, minmay_door_square,
          minmay_microvault
D:9:      due_chaos_kobolds, layout_basic, ebering_ghost_reflecting_pool
D:10:     layout_cave_pods, nicolae_tso_swordbearing_angel, enter_bailey_2
D:11:     layout_irregular_city, kennysheep_donut, uniq_harold
D:12:     layout_layer_cave, erik_orc_4, mrwooster_statue_mirror
D:13:     layout_cross, grunt_vaults_entry_tiered, serial_shops, shop, shop,
          kennysheep_mini, nicolae_shop_peninsula, shop, uniq_kirke, uniq_lodul,
          uniq_azrael, uniq_snorg
D:14:     dreamdust_isle_of_ice, layout_long_grid
D:15:     hangedman_depths_entry_civil_slaughter, layout_long_grid,
          nicolae_uskayaw_suspiria, uniq_agnes, uniq_rupert
Temple:   regret_index_temple_generic_petals
Lair:1:   layout_roguey, basic_altar, grunt_forest_large_clearing_hut
Lair:2:   layout_chaotic_city, elwin_shoals_entry_rooms, dummy_snake_entry,
          serial_bayou_shore_b, grunt_megastairs_4
Lair:3:   lemuel_ratsnest, layout_gridlike, lemuel_fruit_tree
Lair:4:   layout_hall_layers, cheibrodos_lair_caveside_slide, patterned_corridor
Lair:5:   minmay_lair_end_frog_pond, layout_cave_pods,
          minmay_slime_entry_oklob_enclosed, chequers_serial_rivers_micro_b,
          roderic_batcave, minmay_lindwurm_lava
Shoals:1: layout_shoals, portal_ice_cave_entry_ice_statue_two
Shoals:2: layout_shoals, nicolae_shoals_beach_house_on_fowls_legs
Shoals:3: layout_shoals, serial_shops, nicolae_shop_advertising_works
          [nicolae_subvault_shop_adworks], nicolae_shoals_dead_sea_scrolls
Snake:1:  layout_rooms, nicolae_triple_integral
Snake:2:  layout_onion, uniq_aizul
Snake:3:  layout_chambers, nicolae_integral_box
Snake:4:  hellmonk_snake_rune_quicksilver_temple, layout_onion,
          hellmonk_ghost_happy_afterlife
Orc:1:    layout_diamond_mine, basic_altar
Orc:2:    grunt_orc_community_town_hall, layout_caves,
          grunt_orc_community_big_house_1, grunt_orc_community_big_house_2,
          grunt_orc_community_house_3, grunt_orc_community_house_2,
          grunt_orc_community_house_3, grunt_orc_community_house_1,
          grunt_orc_community_house_1, lemuel_statue_altar
Vaults:1: grunt_vaults_bifocal, vaults_room_large_hall,
          nicolae_vaults_security_offices_5, ontoclasm_vaults_shuriken,
          v_alt_pattern_4, ontoclasm_vaults_twist, ontoclasm_vaults_pinch,
          nicolae_vaults_alarming, nicolae_vaults_door_testing_chamber,
          layout_vaults_quadrants
Vaults:2: mu_enter_wizlab_4, nicolae_vaults_oval_intersection,
          nicolae_vaults_angled_halls, ontoclasm_vaults_ring_small,
          nicolae_vaults_yaktaur_gun_rack, v_misc_25,
          nicolae_vaults_diagonal_hallway_9, vaults_room_door_ring,
          nicolae_vaults_doubleplus_tesselated, hangedman_vaults_trim,
          nicolae_vaults_sesquioval_fish, layout_vaults_chaotic_city
WizLab:   wizlab_tukima

Skill      XL: |  1  2  3  4  5  6  7  8  9 10 11 12 13 14 15 16 17 18 |
---------------+-------------------------------------------------------+-----
Ranged Weapons | 3 4 5 6 7 8 9 11 13 14 16 | 16.1
Fighting       | 2 4 5 8 9 10 11 14 17 18 20 22 23 | 23.0
Armour         | 1 2 5 6 9 10 11 12 | 12.0
Dodging        | 3 5 7 8 10 12 14 17 19 20 21 | 21.3
Invocations    | 2 4 5 9 10 | 10.0
Spellcasting   | |  1.0
Hexes          | |  2.0

Action                     |  1- 3 |  4- 6 |  7- 9 | 10-12 | 13-15 | 16-18 || total
---------------------------+-------+-------+-------+-------+-------+-------++-------
   Fire: Sling             |    67 |       |       |       |       |       ||    67
         Orcbow            |    26 |   128 |   185 |   513 |  1495 |  1428 ||  3775
         Triple crossbow   |       |       |       |       |       |    27 ||    27
 Invoke: Heroism           |       |       |     7 |    22 |    32 |    33 ||    94
         Finesse           |       |       |       |     1 |     9 |     6 ||    16
    Use: Scroll            |     4 |     3 |    10 |     7 |     6 |     8 ||    38
         Potion            |       |     1 |     4 |       |     2 |     5 ||    12
 Armour: Robe              |     6 |       |       |    17 |       |       ||    23
         Ring mail         |     1 |    20 |    38 |       |       |       ||    59
         Leather armour    |       |       |       |       |    21 |       ||    21
         Troll leather arm |       |       |       |       |    44 |    76 ||   120
  Dodge: Dodged            |    22 |    41 |    95 |   167 |   572 |  1094 ||  1991

Table legend:
 A = Non-vault XP
 B = Vault XP
 C = Vault XP percentage of total XP
 D = Non-vault monster count
 E = Vault monster count
 F = Vault count percentage of total count
                 A         B        C        D         E       F
            +---------+---------+-------+---------+---------+-------
      Total |  239063 |   89588 |  27.3 |     749 |     354 |  32.1
            +---------+---------+-------+---------+---------+-------
        D:1 |      46 |       6 |  11.5 |      25 |       3 |  10.7
        D:2 |      50 |       5 |   9.1 |      19 |       3 |  13.6
        D:3 |      68 |       0 |   0.0 |      12 |       0 |   0.0
        D:4 |     330 |      28 |   7.8 |      22 |       3 |  12.0
        D:5 |     956 |     617 |  39.2 |      22 |       1 |   4.3
        D:6 |     808 |       0 |   0.0 |      16 |       0 |   0.0
        D:7 |     348 |     481 |  58.0 |       7 |       1 |  12.5
        D:8 |    1602 |      51 |   3.1 |      22 |       1 |   4.3
        D:9 |    1623 |       0 |   0.0 |      19 |       0 |   0.0
       D:10 |    3230 |       0 |   0.0 |      15 |       0 |   0.0
       D:11 |    4191 |     892 |  17.5 |       8 |       1 |  11.1
       D:12 |    4024 |     508 |  11.2 |      21 |      16 |  43.2
       D:13 |    8394 |   16043 |  65.7 |      32 |      50 |  61.0
       D:14 |   11806 |    7374 |  38.4 |      24 |      16 |  40.0
       D:15 |    7113 |    7719 |  52.0 |      16 |       8 |  33.3
     Lair:1 |   10393 |     654 |   5.9 |      41 |       3 |   6.8
     Lair:2 |    4882 |    2760 |  36.1 |      18 |       7 |  28.0
     Lair:3 |    6276 |    1253 |  16.6 |      24 |      41 |  63.1
     Lair:4 |    7647 |       0 |   0.0 |      33 |       0 |   0.0
     Lair:5 |   12444 |   15359 |  55.2 |      36 |      49 |  57.6
   Shoals:1 |   17193 |     966 |   5.3 |      32 |       2 |   5.9
   Shoals:2 |    2678 |    1294 |  32.6 |       7 |       1 |  12.5
   Shoals:3 |   21465 |       0 |   0.0 |      38 |       0 |   0.0
    Snake:1 |   11284 |       0 |   0.0 |      21 |       0 |   0.0
    Snake:2 |   31709 |    1191 |   3.6 |      62 |       1 |   1.6
    Snake:3 |   19193 |       0 |   0.0 |      38 |       0 |   0.0
    Snake:4 |   20480 |   11165 |  35.3 |      39 |      15 |  27.8
      Orc:1 |    1819 |       0 |   0.0 |      11 |       0 |   0.0
      Orc:2 |    1732 |    8858 |  83.6 |      34 |      65 |  65.7
   Vaults:1 |   12730 |    1242 |   8.9 |      18 |       1 |   5.3
   Vaults:2 |   12549 |    4841 |  27.8 |      17 |       6 |  26.1
      Sewer |       0 |     481 | 100.0 |       0 |      52 | 100.0
     WizLab |       0 |    5800 | 100.0 |       0 |       8 | 100.0
            +---------+---------+-------+---------+---------+-------
